 Dungeon Crawl Stone Soup version 0.31.0 (webtiles) character file.

Game seed: 1025174846063141713

1045 qw the Skirmisher (level 8, 0/49 HPs)
             Began as a Gargoyle Hunter on Jan 19, 2024.
             Was a Follower of Okawaru.
             Slain by a wight
             ... wielding a +0 trident
              (2 damage)
             ... on level 6 of the Dungeon.
             The game lasted 00:00:29 (5357 turns).

qw the Skirmisher (Gargoyle Hunter)                 Turns: 5357, Time: 00:00:29

Health: 0/49       AC: 14    Str: 14    XL:     8   Next: 25%
Magic:  8/8        EV: 11    Int: 11    God:    Okawaru [*.....]
Gold:   276        SH:  0    Dex: 15    Spells: 7/7 levels left

rFire   . . .        a - +0 shortbow
rCold   . . .        (shield currently unavailable)
rNeg    + . .        k - +0 ring mail
rPois   inf          (no helmet)
rElec   +            j - +0 cloak
rCorr   .            l - +1 pair of gloves of Majestic Freedom {Slay+2}
SInv    .            (no boots)
Will    .....        (no amulet)
Stlth   +            (no ring)
HPRegen 0.28/turn    (no ring)
MPRegen 0.11/turn

%: no passive effects
@: no status effects
A: sickness immunity, AC +5, negative energy resistance 1, electricity
resistance, torment resistance 1, petrification resistance
a: Renounce Religion, Heroism


You were on level 6 of the Dungeon.
You worshipped Okawaru.
Okawaru was aware of your devotion.
You visited 2 branches of the dungeon, and saw 7 of its levels.

You collected 276 gold pieces.


Innate Abilities, Weirdness & Mutations

You are immune to sickness and miasma.
Your stone body is resilient. (AC +5)
You are immune to poison.
You resist negative energy. (rN+)
You are resistant to electric shocks. (rElec)
You are resistant to unholy torment.
You are immune to petrification.


   Skills:
 - Level 5.1 Fighting
 + Level 8.3 Ranged Weapons
 - Level 2.8 Armour
 - Level 2.7 Dodging
 - Level 1.1 Stealth
 + Level 0.5 Invocations


You had 7 spell levels left.
You didn't know any spells.
Your spell library was empty.

Inventory:

Hand Weapons
 a - a +0 shortbow (weapon)
Armour
 j - a +0 cloak (worn)
 k - a +0 ring mail (worn)
 l - the +1 pair of gloves of Majestic Freedom (worn) {Slay+2}
   (You acquired it on level 5 of the Dungeon)

   Slay+2:    It affects your accuracy & damage with ranged weapons and melee
   (+2).
Wands
 c - a wand of mindburst (11)
Potions
 b - a potion of resistance
 d - a potion of mutation {unknown}
 e - a potion of brilliance {unknown}
 f - 3 potions of curing
 h - a potion of ambrosia {unknown}
 i - a potion of degeneration {unknown}
 m - a potion of enlightenment {unknown}
 p - a potion of berserk rage {unknown}
 q - a potion of heal wounds {unknown}

Dungeon Overview and Level Annotations

Branches:
Dungeon (6/15)             Temple (1/1) D:5

Altars:
Ashenzari
Cheibriados
Dithmenos
Elyvilon
Fedhas
Gozag
Hepliaklqana
Kikubaaqudgha
Makhleb
Nemelex Xobeh
Okawaru
Qazlal
Ru
Sif Muna
Trog
Uskayaw
Vehumet
Wu Jian
Xom
Yredelemnul
Zin
The Shining One

Shops:
D:1 :

Annotations:
D:5 1 runed translucent door, Crazy Yiuf


Message History

The orc is heavily wounded.
The wight hits you from afar with a +0 trident.
The orc hits you but does no damage.
You shoot an arrow. The arrow hits the orc.
You kill the orc!
Okawaru accepts your kill.
The wight hits you from afar with a +0 trident!
The wight closely misses you.
You shoot an arrow. The arrow barely misses the wight.
The wight hits you but does no damage.
You shoot an arrow.
The arrow hits the wight but does no damage.
The wight is lightly damaged.
The wight closely misses you.
You shoot an arrow.
The arrow hits the wight but does no damage.
The wight is lightly damaged.
The wight barely misses you.
You shoot an arrow. The arrow barely misses the wight.
The wight barely misses you.
You shoot an arrow. The arrow barely misses the wight.
The wight hits you from afar with a +0 trident.
You shoot an arrow.
The arrow hits the wight but does no damage.
The wight is lightly damaged.
The wight hits you from afar with a +0 trident.
You shoot an arrow. The arrow barely misses the wight.
The wight closely misses you.
You shoot an arrow. The arrow hits the wight.
The wight is lightly damaged.
The wight barely misses you.
You shoot an arrow.
The arrow hits the wight but does no damage.
The wight is lightly damaged.
The wight hits you from afar with a +0 trident!
You shoot an arrow.
The arrow hits the wight but does no damage.
The wight is lightly damaged.
The wight hits you from afar with a +0 trident.
You die...

######.# #...)..#
#...#### ###)###
###...).######
#.##.....)....
#..'..........
#.##########..........
'#...$@.....#..........
......)####.##..........
.....#z #..'..........
..). #. ####..........
... #. #.......... .. #.
#.......... . ..
#.......... ..
#......##### #......#


You could see a wight.

Vanquished Creatures
  2 ogres
  A phantom (D:5)
  3 scorpions
  An oklob sapling (D:5)
  3 hounds
  2 gnoll boudas
  4 orc priests (D:6)
  13 gnolls
  8 adders
  2 ribbon worms (D:2)
  A dart slug (D:1)
  13 orcs
  7 endoplasms
  4 giant cockroaches
  5 goblins
  7 hobgoblins
  8 jackals
  4 kobolds
  2 quokkas (D:3)
  2 ball pythons
  6 bats
  2 frilled lizards
  10 rats
110 creatures vanquished.

Notes
Turn   | Place    | Note
-------+----------+-------------------------------------------
     0 | D:1      | qw the Gargoyle Hunter began the quest for the Orb.
     0 | D:1      | Reached XP level 1. HP: 12/12 MP: 1/1
     0 | D:1      | 0 ||| qw: Version: 0.3-a-132-g3d54051
     0 | D:1      | 0 ||| qw: Game counter: 400
     0 | D:1      | 0 ||| qw: Melee chars always use a shield: true
     0 | D:1      | 0 ||| qw: God list: Okawaru
     0 | D:1      | 0 ||| qw: Allow faded altars: false
     0 | D:1      | 0 ||| qw: Do Orc after clearing Dungeon:15 true
     0 | D:1      | 0 ||| qw: Do second Lair branch before Depths: true
     0 | D:1      | 0 ||| qw: Lair rune preference: random
     0 | D:1      | 0 ||| qw: Goals: Normal
     0 | D:1      | 0 ||| PLANNING D:1-11
   140 | D:1      | Found Okaubizi's Book Shoppe.
   166 | D:1      | Reached XP level 2. HP: 16/17 MP: 2/2
   169 | D:1      | 169 ||| READING scroll labelled TIRADE TOGU.
   602 | D:1      | 602 ||| READING scroll labelled GOKHONALIL.
   603 | D:1      | 603 ||| DRINKING 2 clear potions.
   604 | D:1      | 604 ||| DROPPING scroll of butterflies.
   837 | D:2      | Reached XP level 3. HP: 21/21 MP: 3/3
   906 | D:2      | Reached skill level 5 in Ranged Weapons
   948 | D:2      | 948 ||| FLEEEEING.
   955 | D:2      | 955 ||| FLEEEEING.
  1124 | D:2      | Reached skill level 3 in Fighting
  1244 | D:2      | Reached XP level 4. HP: 28/28 MP: 4/4
  1342 | D:2      | Found a faded altar of an unknown god.
  1511 | D:2      | 1511 ||| UPGRADING to +0 cloak.
  1516 | D:2      | 1516 ||| UPGRADING to +0 ring mail.
  1526 | D:2      | 1526 ||| DROPPING +0 leather armour.
  1527 | D:2      | 1527 ||| READING scroll labelled CONKUBRIHOALE.
  1528 | D:2      | 1528 ||| READING 2 scrolls labelled KINAOSA TOUCAS.
  1529 | D:2      | 1529 ||| DROPPING scroll of noise.
  1584 | D:3      | 1584 ||| FLEEEEING.
  1850 | D:3      | Reached skill level 1 in Armour
  2204 | D:3      | Reached XP level 5. HP: 32/32 MP: 5/5
  2398 | D:3      | 2398 ||| UPGRADING to +0 pair of gloves.
  2446 | D:4      | 2446 ||| STAIRDANCE
  2451 | D:4      | 2451 ||| STAIRDANCE
  2463 | D:4      | 2463 ||| STAIRDANCE
  2474 | D:3      | Reached skill level 6 in Ranged Weapons
  2474 | D:3      | 2474 ||| FLEEEEING.
  2479 | D:3      | 2479 ||| STAIRDANCE
  2483 | D:2      | 2483 ||| STAIRDANCE
  2547 | D:4      | 2547 ||| STAIRDANCE
  2722 | D:4      | Found a bloodstained altar of Trog.
  2800 | D:4      | Found a shimmering blue altar of Sif Muna.
  2803 | D:4      | 2803 ||| RETREEEEATING.
  2806 | D:4      | Reached XP level 6. HP: 32/38 MP: 6/6
  2816 | D:4      | HP: 6/38 [scorpion (5)]
  2822 | D:4      | HP: 5/38 [gnoll bouda/+0 club (2)]
  2828 | D:4      | 2828 ||| FLEEEEING.
  2842 | D:4      | 2842 ||| FLEEEEING.
  3002 | D:4      | Reached skill level 7 in Ranged Weapons
  3011 | D:4      | 3011 ||| FLEEEEING.
  3079 | D:4      | Found a white marble altar of Elyvilon.
  3135 | D:4      | 3135 ||| FLEEEEING.
  3454 | D:4      | 3454 ||| READING scroll labelled VOSOPHOSIFF.
  3454 | D:4      | 3454 ||| IDENTIFYING silvery potion
  3455 | D:4      | 3455 ||| READING 2 scrolls labelled IQEYFENLI ECIJ.
  3458 | D:4      | 3458 ||| READING 2 scrolls labelled ONYRPH NOGGIQ.
  3459 | D:4      | 3459 ||| DROPPING scroll of poison.
  3478 | D:5      | Entered Level 5 of the Dungeon
  3484 | D:5      | 3484 ||| FLEEEEING.
  3489 | D:5      | 3489 ||| STAIRDANCE
  3493 | D:5      | 3493 ||| STAIRDANCE
  3497 | D:5      | 3497 ||| STAIRDANCE
  3501 | D:5      | 3501 ||| STAIRDANCE
  3505 | D:5      | 3505 ||| STAIRDANCE
  3509 | D:5      | 3509 ||| STAIRDANCE
  3513 | D:5      | 3513 ||| STAIRDANCE
  3517 | D:5      | 3517 ||| STAIRDANCE
  3521 | D:5      | 3521 ||| STAIRDANCE
  3525 | D:5      | 3525 ||| STAIRDANCE
  3529 | D:5      | 3529 ||| STAIRDANCE
  3533 | D:5      | 3533 ||| STAIRDANCE
  3537 | D:5      | 3537 ||| STAIRDANCE
  3541 | D:5      | 3541 ||| STAIRDANCE
  3545 | D:5      | 3545 ||| STAIRDANCE
  3549 | D:5      | 3549 ||| STAIRDANCE
  3553 | D:5      | 3553 ||| STAIRDANCE
  3557 | D:5      | 3557 ||| STAIRDANCE
  3561 | D:5      | 3561 ||| STAIRDANCE
  3565 | D:5      | 3565 ||| STAIRDANCE
  3581 | D:5      | 3581 ||| FLEEEEING.
  3592 | D:4      | Found a stormy altar of Qazlal.
  3638 | D:5      | Reached XP level 7. HP: 38/43 MP: 7/7
  3657 | D:5      | 3657 ||| FLEEEEING.
  4103 | D:5      | Found a staircase to the Ecumenical Temple.
  4104 | D:5      | 4104 ||| PLANNING TEMPLE
  4104 | D:5      | 4104 ||| READING scroll labelled BYFECES LOITI.
  4105 | D:5      | 4105 ||| READING scroll labelled RICUK ALAGYNK.
  4105 | D:5      | Identified a scroll of acquirement
  4105 | D:5      | 4105 ||| ACQUIRING +1 pair of gloves of Majestic Freedom
                  | {Slay+2}
  4105 | D:5      | Acquired the +1 pair of gloves of Majestic Freedom {Slay+2}
  4107 | D:5      | 4107 ||| UPGRADING to +1 pair of gloves of Majestic Freedom
                  | {Slay+2}.
  4117 | D:5      | 4117 ||| DROPPING +0 pair of gloves.
  4143 | D:5      | Reached skill level 8 in Ranged Weapons
  4146 | Temple   | Entered the Ecumenical Temple
  4147 | Temple   | 4147 ||| PLANNING OKAWARU WORSHIP
  4221 | Temple   | Became a worshipper of Warmaster Okawaru
  4222 | Temple   | 4222 ||| PLANNING D:1-11
  4385 | D:5      | HP: 8/43 [gnoll/+0 halberd (3)]
  4386 | D:5      | 4386 ||| READING 2 scrolls of teleportation.
  4390 | D:5      | 4390 ||| FLEEEEING.
  4624 | D:5      | Found a glowing silver altar of Zin.
  4692 | D:5      | Found a runed translucent door.
  4693 | D:5      | Noticed Crazy Yiuf
  5109 | D:6      | Reached XP level 8. HP: 49/49 MP: 8/8
  5116 | D:6      | 5116 ||| RETREEEEATING.
  5117 | D:6      | 5117 ||| RETREEEEATING.
  5119 | D:6      | 5119 ||| RETREEEEATING.
  5130 | D:6      | HP: 7/49 [orc priest/divine providence (14)]
  5131 | D:6      | 5131 ||| READING scroll of teleportation.
  5135 | D:6      | 5135 ||| FLEEEEING.
  5140 | D:6      | HP: 3/49 [orc priest/nerve-wracking pain (3)]
  5332 | D:6      | Reached * piety under Okawaru
  5352 | D:6      | HP: 10/49 [wight/+0 trident (4)]
  5356 | D:6      | HP: 2/49 [wight/+0 trident (8)]
  5357 | D:6      | Slain by a wight

Levels and vault maps discovered:
D:1:      dpeg_arrival_prison, layout_basic, serial_shops, shop,
          kennysheep_flooded_box
D:2:      cheibrodos_old_hovel, layout_loops_corners, basic_ecumenical_altar,
          hangedman_decor_growths, minmay_distorted
D:3:      layout_loops_corners
D:4:      layout_basic, nicolae_overflow_hidden_temple,
          mainiacjoe_overflow_surrounded_room
D:5:      layout_loops_ring, general_overflow_altar, minmay_temple_entry_oklob,
          serial_rivers, chequers_serial_rivers_small_b,
          chequers_serial_rivers_micro_a, chequers_serial_rivers_room_b,
          chequers_serial_rivers_room_b, chequers_serial_rivers_small_3,
          chequers_serial_rivers_micro_c, kennysheep_cluttered_room,
          serial_bayou_crossing, uniq_crazy_yiuf_cottage
D:6:      layout_basic, serial_curves, eino_curves_01, eino_curves_02
Temple:   minmay_temple_bridge_d

Skill      XL: |  1  2  3  4  5  6  7  8 |
---------------+-------------------------+-----
Ranged Weapons | 5 6 7 8 |  8.3
Fighting       | 3 4 5 |  5.1
Armour         | 1 2 |  2.8
Dodging        | 2 |  2.7
Stealth        | |  1.1
Invocations    | |  0.5

Action                     |  1- 3 |  4- 6 |  7- 9 || total
---------------------------+-------+-------+-------++-------
   Fire: Shortbow          |   115 |   234 |   174 ||   523
    Use: Scroll            |     2 |     5 |     4 ||    11
         Potion            |     1 |       |       ||     1
 Armour: Leather armour    |    38 |     3 |       ||    41
         Ring mail         |       |    92 |    93 ||   185
  Dodge: Dodged            |    35 |    84 |    71 ||   190

Table legend:
 A = Non-vault XP
 B = Vault XP
 C = Vault XP percentage of total XP
 D = Non-vault monster count
 E = Vault monster count
 F = Vault count percentage of total count
                 A         B        C        D         E       F
            +---------+---------+-------+---------+---------+-------
      Total |    1419 |      75 |   5.0 |     103 |       7 |   6.4
            +---------+---------+-------+---------+---------+-------
        D:1 |      22 |       4 |  15.4 |      13 |       3 |  18.8
        D:2 |      87 |       6 |   6.5 |      21 |       3 |  12.5
        D:3 |     137 |       0 |   0.0 |      21 |       0 |   0.0
        D:4 |     310 |       0 |   0.0 |      24 |       0 |   0.0
        D:5 |     511 |      65 |  11.3 |      14 |       1 |   6.7
        D:6 |     352 |       0 |   0.0 |      10 |       0 |   0.0
            +---------+---------+-------+---------+---------+-------
